 Dungeon Crawl Stone Soup version 0.30-a0-857-gcaf70739d4 (webtiles) character file.

Game seed: 18424265349066407383

1073 avis the Chiller (level 7, -12/57 HPs)
             Began as a Demigod Ice Elementalist on Mar 5, 2023.
             Mangled by an ogre
             ... wielding a +0 giant club
              (23 damage)
             ... on level 6 of the Dungeon.
             The game lasted 00:34:21 (6749 turns).

avis the Chiller (Demigod Ice Elementalist)         Turns: 6749, Time: 00:34:21

Health: -12/57     AC: 10    Str:  9    XL:     7   Next: 80%
Magic:  14/14      EV: 13    Int: 17    God:
Gold:   148        SH:  0    Dex: 22    Spells: 5/12 levels left

rFire   + + .      SeeInvis .    b - +0 sling
rCold   + . .      Faith    .    (no shield)
rNeg    . . .      Spirit   .    D - +1 robe {rF+}
rPois   .          Reflect  .    (no helmet)
rElec   .          Rampage  .    (no cloak)
rCorr   .                        (no gloves)
Will    .....                    s - +0 pair of boots
Stlth   ++                       j - amulet of magic regeneration
HPRegen 0.29/turn                y - ring of protection from fire
MPRegen 0.54/turn                E - ring of protection from cold

@: ice-armoured
A: high MP 1, forlorn, divine attributes
a: no special abilities


You were on level 6 of the Dungeon.
You visited 2 branches of the dungeon, and saw 7 of its levels.

You collected 275 gold pieces.
You spent 127 gold pieces at shops.

Inventory:

Hand Weapons
 a - a +4 dire flail
 b - a +0 sling (weapon)
 w - a +0 short sword
Missiles
 f - 3 datura-tipped darts
 k - 5 curare-tipped darts
 z - 9 poisoned darts
Armour
 s - a +0 pair of boots (worn)
 x - a +0 buckler
 D - a +1 robe of fire resistance (worn)
Jewellery
 j - an amulet of magic regeneration (around neck)
 y - a ring of protection from fire (left hand)
 E - a ring of protection from cold (right hand)
 N - a ring of see invisible
Wands
 F - a wand of roots (3)
 G - a wand of acid (2)
Scrolls
 c - a scroll of enchant armour {unknown}
 e - a scroll of noise {unknown}
 m - 3 scrolls of teleportation
 o - a scroll of fear {unknown}
 t - 3 scrolls of fog
 v - a scroll of vulnerability {unknown}
 H - a scroll of blinking {unknown}
 I - 2 scrolls of poison {unknown}
 K - a scroll of torment {unknown}
 L - a scroll of silence {unknown}
Potions
 d - a potion of cancellation {unknown}
 g - 2 potions of brilliance
 h - a potion of mutation {unknown}
 i - a potion of degeneration {unknown}
 l - 5 potions of curing
 n - a potion of magic
 p - 2 potions of ambrosia {unknown}
 A - a potion of might {unknown}
 B - 2 potions of heal wounds {unknown}
 C - a potion of berserk rage {unknown}
 M - a potion of resistance {unknown}


   Skills:
 - Level 3.0 Fighting
 * Level 5.5 Ranged Weapons
 - Level 2.0 Dodging
 - Level 2.0 Stealth
 - Level 3.0 Spellcasting
 - Level 6.0 Ice Magic


You had 5 spell levels left.
You knew the following spells:

 Your Spells              Type           Power      Damage    Failure   Level
a - Freeze                Ice            88%        1d9       1%          1
o - Ozocubu's Armour      Ice            22%        N/A       4%          3
r - Frozen Ramparts       Ice            44%        1d7       4%          3

Your spell library contained the following spells:

 Spells                   Type           Power      Damage    Failure   Level
 Call Canine Familiar     Summ           2%         N/A       45%         3
 Portal Projectile        Hex/Tloc       4%         N/A       45%         3
 Summon Ice Beast         Ice/Summ       12%        N/A       45%         4
 Leda's Liquefaction      Hex/Erth       1%         N/A       86%         4


Dungeon Overview and Level Annotations

Branches:
Dungeon (6/15)             Temple (1/1) D:5

Shops:
D:4 *

Annotations:
D:5 3 runed translucent doors, Esekla's ghost, weakling OpDe; Lexicon's ghost, amateur GrEE; greasedhog's ghost, novice GrTm; jasper's ghost, amateur DEEE


Innate Abilities, Weirdness & Mutations

You have an increased reservoir of magic. (+10% MP)
You shall have no god before yourself.
Your divine heritage dramatically boosts your attributes as you level up.


Message History

Aim: a phantom (heavily damaged, 54% to hit)
You shoot a sling bullet.
The sling bullet hits the phantom but does no damage.
The phantom is heavily damaged.
The phantom closely misses you.
Fire: b) +0 sling
Press: ? - help, Q - select action, (/) - cycle Shift-Dir - straight line, f/p - phantom
Aim: a phantom (heavily damaged, 54% to hit)
You shoot a sling bullet.
The sling bullet closely misses the phantom.
The ogre hits you with a +0 giant club!!
* * * LOW HITPOINT WARNING * * *
The phantom hits you but does no damage.
The phantom hits you.
* * * LOW HITPOINT WARNING * * *
Fire: b) +0 sling
Press: ? - help, Q - select action, (/) - cycle Shift-Dir - straight line, f/p - phantom
Aim: a phantom (heavily damaged, 54% to hit)
You shoot a sling bullet.
The sling bullet barely misses the phantom.
The ogre barely misses you.
The phantom hits you but does no damage.
Aiming: Corrosive Bolt
Press: ? - help, Shift-Dir - straight line, f - ogre, p - phantom
Aim: an ogre, wielding a +0 giant club (lightly wounded, 86% to hit)
The bolt of acid misses the ogre.
The ogre barely misses you. The phantom hits you.
* * * LOW HITPOINT WARNING * * *
Aiming: Corrosive Bolt
Press: ? - help, Shift-Dir - straight line, f/p - ogre
Aim: an ogre, wielding a +0 giant club (lightly wounded, 86% to hit)
The bolt of acid misses the ogre.
The phantom hits you but does no damage.
Aiming: Corrosive Bolt
Press: ? - help, Shift-Dir - straight line, f/p - ogre
Aim: an ogre, wielding a +0 giant club (lightly wounded, 86% to hit)
The bolt of acid hits the ogre!
The acid corrodes the ogre!
The ogre is heavily wounded.
The ogre hits you with a +0 giant club!!
You die...

##### ######...# #........#
#........+ ##+### #.@O.....#
#....#########.W......#
#>....#......#........#
#.....†......#....{...#
#.....#.....##...####'#
#####'##.....##...###.....W#
.##...##.....##.....#......#
.#....#.............'......+
.#....#.............#......#


You could see an ogre (corroded) and a phantom.

Vanquished Creatures
  A sky beast (D:5)
  A black bear (D:6)
  2 ogres
  A scorpion (D:5)
  2 wights (D:4)
  A jelly (D:5)
  3 hounds
  A human zombie (D:4)
  3 orc priests
  2 scorpion zombies (D:4)
  A hound zombie (D:4)
  4 mummies (D:4)
  2 howler monkey zombies (D:4)
  4 gnolls
  2 adders
  2 white imps (D:6)
  2 worms
  4 dart slugs
  9 orcs
  9 ball pythons
  7 endoplasms
  4 giant cockroaches
  5 goblins
  5 hobgoblins
  8 jackals (D:2)
  2 quokkas
  4 bats
  A frilled lizard (D:1)
  8 kobolds
  11 rats
111 creatures vanquished.

Vanquished Creatures (others)
  2 withered plants (D:5)
2 creatures vanquished.

Grand Total: 113 creatures vanquished

Notes
Turn   | Place    | Note
-------+----------+-------------------------------------------
     0 | D:1      | avis the Demigod Ice Elementalist began the quest for the
                  | Orb.
     0 | D:1      | Reached XP level 1. HP: 14/14 MP: 5/5
   138 | D:1      | Reached skill level 4 in Ice Magic
   203 | D:1      | Reached XP level 2. HP: 16/20 MP: 4/7
  1156 | D:1      | Reached XP level 3. HP: 24/26 MP: 6/9
  1653 | D:2      | Learned a level 3 spell: Frozen Ramparts
  1657 | D:2      | Learned a level 3 spell: Ozocubu's Armour
  2265 | D:2      | Reached XP level 4. HP: 33/33 MP: 8/10
  2354 | D:3      | Reached skill level 5 in Ice Magic
  2354 | D:3      | Reached skill level 1 in Fighting
  2688 | D:3      | Reached XP level 5. HP: 41/41 MP: 11/11
  2694 | D:3      | Reached skill level 1 in Ranged Weapons
  2798 | D:3      | Noticed an eye of devastation
  2800 | D:3      | Noticed a great orb of eyes
  2801 | D:3      | Noticed an eye of devastation
  2801 | D:3      | Noticed a floating eye
  3406 | D:4      | Found Mofah's Fire Supplies.
  3413 | D:4      | Bought a +1 robe of fire resistance for 127 gold pieces
  4200 | D:4      | Reached XP level 6. HP: 36/48 MP: 9/12
  4550 | D:5      | Entered Level 5 of the Dungeon
  4678 | D:5      | Found a staircase to the Ecumenical Temple.
  4704 | D:5      | Found a runed translucent gate.
  4705 | D:5      | Found a runed translucent gate.
  4706 | D:5      | Noticed Lexicon's ghost (amateur GrEE)
  4708 | D:5      | Found a runed translucent gate.
  4708 | D:5      | Noticed jasper's ghost (amateur DEEE)
  4708 | D:5      | Noticed greasedhog's ghost (novice GrTm)
  4708 | D:5      | Noticed Esekla's ghost (weakling OpDe)
  4878 | D:5      | Reached XP level 7. HP: 55/55 MP: 8/14
  5101 | D:5      | Reached skill level 6 in Ice Magic
  5954 | Temple   | Entered the Ecumenical Temple
  6434 | D:6      | Noticed a shadow
  6485 | D:6      | Reached skill level 5 in Ranged Weapons
  6749 | D:6      | Mangled by an ogre

Illustrated notes

Levels and vault maps discovered:
D:1:      psy_arrival_radial02, layout_basic
D:2:      layout_loops_cross, grunt_ministairs_10
D:3:      layout_rooms, hellmonk_ecumenical_altar_watching_god
D:4:      layout_basic, lemuel_mausoleum_altar_kikubaaqudgha,
          dreamdust_princess_corridor, nicolae_shop_fire_sale
          [nicolae_sub_dead_trees], minivault_1
D:5:      layout_layer_cave, minmay_temple_entry_stoned_glass,
          gammafunk_ghost_cemetery
D:6:      layout_gridville, riverfiend_overflow_shadow_ancestor,
          mainiacjoe_overflow_alcove_2, uniq_edmund
Temple:   nicolae_temple_figure_eight

Skill      XL: |  1  2  3  4  5  6  7 |
---------------+----------------------+-----
Ice Magic      | 4 5 6 |  6.0
Spellcasting   | 2 3 |  3.0
Fighting       | 2 3 |  3.0
Ranged Weapons | 3 4 5 |  5.5
Dodging        | 2 |  2.0
Stealth        | 2 |  2.0

Action                     |  1- 3 |  4- 6 |  7- 9 || total
---------------------------+-------+-------+-------++-------
  Melee: Short sword       |     8 |       |       ||     8
         Dire flail        |       |    11 |     2 ||    13
   Fire: Sling             |     3 |   180 |    46 ||   229
   Cast: Freeze            |    76 |     9 |       ||    85
         Frozen Ramparts   |       |    11 |    10 ||    21
         Ozocubu's Armour  |       |    15 |    10 ||    25
  Evoke: Wand              |       |     3 |     3 ||     6
    Use: Scroll            |       |       |     5 ||     5
   Stab: Sleeping          |     2 |       |       ||     2
 Armour: Robe              |     6 |    43 |    15 ||    64
  Dodge: Dodged            |    35 |    73 |    24 ||   132

Table legend: (Time is in decaauts)
 A = Elapsed time spent in this place.
 B = Non-inter-level travel time spent in this place.
 C = Inter-level travel time spent in this place.
 D = Time resting spent in this place.
 E = Time spent auto-exploring this place.
 F = Levels seen in this place.
 G = Mean time per level.
                   A        B        C        D        E       F      G
               +--------+--------+--------+--------+--------+-----+--------+
         Total |   6810 |   6266 |    544 |   1517 |   3273 |   7 |  972.9 |
       Dungeon |   6759 |   6215 |    544 |   1517 |   3273 |   6 | 1126.5 |
        Temple |     51 |     51 |      0 |      0 |      0 |   1 |   51.0 |
               +--------+--------+--------+--------+--------+-----+--------+

Top non-repeatable levels by time:
     D:5: 1658 daAuts
     D:4: 1651 daAuts
     D:1: 1390 daAuts
     D:2: 935 daAuts
     D:3: 660 daAuts
     D:6: 462 daAuts
  Temple: 51 daAuts
